 Dungeon Crawl Stone Soup version 0.25.0-11-g1f837a76a1 (webtiles) character file.

Game seed: 12458969234197946199

12828 Curus the Spear-Bearer (level 11, 0/95 HPs)
             Began as a Minotaur Abyssal Knight on June 24, 2020.
             Was a High Priest of Lugonu.
             Slain by a seven-headed hydra (2 damage)
             ... on level 1 of the Lair of Beasts on June 25, 2020.
             The game lasted 00:46:32 (10725 turns).

Curus the Spear-Bearer (Minotaur Abyssal Knight)   Turns: 10725, Time: 00:46:33

Health: 0/95       AC:  8    Str: 18    XL:     11   Next: 67%
Magic:  17/18      EV: 14    Int: 11    God:    Lugonu [*****.]
Gold:   459        SH: 14    Dex: 10    Spells: 10/10 levels left

rFire    + . .     SeeInvis .   a - +3 spear (flame)
rCold    . . .     Gourm    .   s - +1 buckler of the Eternal Fruit {rPois rCorr}
rNeg     + . .     Faith    .   b - +0 leather armour
rPois    +         Spirit   .   (helmet restricted)
rElec    +         Reflect  +   E - +1 cloak
rCorr    +         Harm     .   l - +1 pair of gloves
MR       .....     Rnd*Rage +   t - +0 pair of boots
Stlth    +.........             w - amulet of reflection
HPRegen  0.25/turn              m - ring "Tazis" {rElec rF+ rN+ Dex-4 Slay+3}
MPRegen  0.16/turn              H - ring of flight

@: about to teleport, berserk cooldown, slowed, lightly drained, very slow
A: retaliatory headbutt, horns 2, large bone plates 1, berserk 1, clever 1,
strong 1
a: Depart the Abyss, Bend Space, Banish, Corrupt, Enter the Abyss, Renounce
Religion, Evoke Flight


You were on level 1 of the Lair of Beasts.
You worshipped Lugonu.
Lugonu was extremely pleased with you.
You were very hungry.

You visited 2 branches of the dungeon, and saw 11 of its levels.
You visited the Abyss 1 time.

You collected 649 gold pieces.
You spent 190 gold pieces at shops.

Inventory:

Hand Weapons
 a - a +3 spear of flaming (weapon)
 C - a +0 trident
Armour
 b - a +0 leather armour (worn)
 d - a +2 buckler
 e - a +0 ring mail
 f - a +0 chain mail
 h - the -3 cloak of Atheism {rF+}
   (You found it on level 4 of the Dungeon)

   It protects you from fire.
 j - a +0 scale mail
 l - a +1 pair of gloves (worn)
 s - the +1 buckler of the Eternal Fruit (worn) {rPois rCorr}
   (You bought it in a shop on level 5 of the Dungeon)

   It protects you from poison.
   It provides partial protection from all sources of acid and corrosion.
 t - a +0 pair of boots (worn)
 E - a +1 cloak (worn)
Jewellery
 m - the ring "Tazis" (left hand) {rElec rF+ rN+ Dex-4 Slay+3}
   (You found it on level 4 of the Dungeon)

   [ring of protection from fire]

   It affects your dexterity (-4).
   It affects your accuracy and damage with ranged weapons and melee attacks
   (+3).
   It protects you from fire.
   It insulates you from electricity.
   It protects you from negative energy.
 p - an uncursed ring of positive energy
 q - a +6 ring of strength
 u - an uncursed amulet of guardian spirit
 w - an amulet of reflection (around neck)
 H - a ring of flight (right hand)
Wands
 i - a wand of paralysis (18)
 v - a wand of acid (5)
 B - a wand of polymorph (10)
 D - a wand of digging (9)
Scrolls
 g - 10 scrolls of identify
 o - 7 scrolls of remove curse
 r - 2 scrolls of fear
 x - a scroll of magic mapping
 y - 2 scrolls of blinking
Potions
 k - a potion of stabbing
 n - 3 potions of curing
 A - a potion of invisibility
 F - a potion of ambrosia
 G - 2 potions of heal wounds
Comestibles
 c - 28 rations


   Skills:
 - Level 8.7(8.2) Fighting
 - Level 12.4(11.7) Polearms
 - Level 2.4(1.9) Armour
 - Level 7.3(6.7) Dodging
 - Level 4.2(3.7) Shields
 + Level 11.0(10.4) Invocations
 + Level 4.6(4.1) Evocations


You had 10 spell levels left.
You didn't know any spells.
Your spell library contained the following spells:

 Spells                   Type           Power        Failure   Level  Hunger
 Beastly Appendage        Tmut           #.....       41%         1    ##.....
 Corona                   Hex            #......      41%         1    ##.....
 Magic Dart               Conj           #...         41%         1    ##.....
 Blink                    Tloc           N/A          54%         2    ###....
 Call Imp                 Summ           #.......     54%         2    ###....
 Slow                     Hex            #.......     54%         2    ###....
 Sticks to Snakes         Tmut           #.......     54%         2    ###....
 Conjure Flame            Conj/Fire      #.......     78%         3    ####...
 Inner Flame              Hex/Fire       #.......     78%         3    ####...
 Mephitic Cloud           Conj/Pois/Air  #.......     78%         3    ####...
 Portal Projectile        Hex/Tloc       #.....       78%         3    ####...
 Spider Form              Tmut/Pois      #.........   78%         3    ####...
 Cause Fear               Hex            #.........   99%         4    #####..
 Ice Form                 Ice/Tmut       #.......     99%         4    #####..
 Leda's Liquefaction      Hex/Erth       #.........   99%         4    #####..
 Blade Hands              Tmut           #.........   100%        5    ######.


Dungeon Overview and Level Annotations

Branches:
Dungeon (10/15)            Temple (0/1) D:6            Lair (1/6) D:10
    Orc: D:9-12

Altars:
Cheibriados
Elyvilon
Fedhas
Gozag
Hepliaklqana
Kikubaaqudgha
Okawaru
Ru
Vehumet
The Shining One

Shops:
D:5 [   D:10 [

Annotations:
Lair:1 Nergalle
Abyss:1 Joseph


Innate Abilities, Weirdness & Mutations

You reflexively headbutt those who attack you in melee.
You have a pair of horns on your head.
You are partially covered in large bone plates. (SH +4)
You tend to lose your temper in combat.
Your mind is acute. (Int +2)
Your muscles are strong. (Str +2)


Message History

As you read the scroll of teleportation, it crumbles to dust.
You feel strangely unstable.
The spectral orc warrior completely misses you.
You block the spectral orc warrior's attack.
The seven-headed hydra bites you.
* * * LOW HITPOINT WARNING * * *
You block the seven-headed hydra's attack.
The seven-headed hydra barely misses you.
The seven-headed hydra bites you but does no damage.
The seven-headed hydra bites you!
* * * LOW HITPOINT WARNING * * *
The seven-headed hydra bites you but does no damage.
The seven-headed hydra bites you!
* * * LOW HITPOINT WARNING * * *
Nergalle hits you but does no damage.
You block the spectral orc warrior's attack.
The spectral orc warrior closely misses you.
You block the seven-headed hydra's attack.
The seven-headed hydra bites you.
You die...

##...##....####...#P†.
#....##......##.###..
#...###.........# #..
#(..P#P...###...####.
##...###Z..# #...##P..
.##P..(###ZZZ#
#...##P..
.........##ZZZ#
#...##P..
...#.#(..)oZ#FZ#
#...###.. ..
####..@DZ#Z.# #...#
#.. . #....(#...#
....# #.. #...##....#
##.. #.... #...# #.#.
#...# ...# ##.. #...
..... #.. ###. ...#.
##. ## .# ##. ##..


You could see a seven-headed hydra, Nergalle, 2 spectral orcs, 4 spectral orc
warriors and a spectral orc knight (summoned).

Vanquished Creatures
  Josephine (D:10)
  Harold (D:8)
  Sonja (Lair:1)
  Pikel (D:8)
  Maurice (D:8)
  A spiny frog (Lair:1)
  A queen bee (D:10)
  A hornet (D:9)
  2 hippogriffs
  6 wraiths (D:10)
  A spriggan (D:7)
  5 yaks
  A hungry ghost (D:10)
  A basilisk (Lair:1)
  A soldier ant (D:10)
  2 water moccasins (Lair:1)
  5 porcupines (D:10)
  2 orc warriors
  A slave (D:8)
  An eye of draining (D:9)
  5 ice beasts
  3 black bears
  2 sky beasts
  4 ogres
  4 centaurs
  A crocodile (Lair:1)
  A big kobold (D:8)
  9 bullfrogs
  A wyvern zombie (D:9)
  A water moccasin zombie (D:7)
  3 scorpions
  30 killer bees
  5 howler monkeys
  6 crimson imps
  2 bullfrog zombies
  A quasit (D:9)
  3 hounds
  A jelly (D:6)
  2 bullfrog skeletons
  3 orc priests
  A gnoll shaman (D:8)
  11 orc wizards
  3 centaur skeletons
  An iguana (D:10)
  8 worker ants
  A killer bee zombie (D:7)
  A howler monkey skeleton (D:4)
  11 adders
  4 gnolls
  A shadow imp (D:5)
  An ooze (D:2)
  An adder zombie (D:7)
  6 worms
  A dart slug (D:2)
  2 leopard geckos
  27 orcs
  3 giant cockroaches
  8 goblins
  5 hobgoblins
  7 jackals
  13 kobolds
  6 quokkas
  A ball python (D:3)
  11 bats
  2 frilled lizards
  A jackal zombie (D:6)
  A leopard gecko skeleton (D:5)
  4 rats
265 creatures vanquished.

Vanquished Creatures (others)
  3 slaves (D:8)
  A gnoll (D:8)
  An orc (D:8)
  15 fungi
  2 plants (D:10)
22 creatures vanquished.

Grand Total: 287 creatures vanquished

Notes
Turn   | Place    | Note
-------+----------+-------------------------------------------
     0 | Abyss:1  | Curus the Minotaur Abyssal Knight began the quest for the
                  | Orb.
     0 | Abyss:1  | Reached XP level 1. HP: 19/19 MP: 1/1
    25 | D:1      | Escaped the Abyss
   301 | D:1      | Reached skill level 3 in Polearms
   301 | D:1      | Reached XP level 2. HP: 26/26 MP: 2/2
   690 | D:1      | Reached XP level 3. HP: 31/31 MP: 4/4
   877 | D:2      | Found a faded altar of an unknown god.
   919 | D:2      | Found a snail-covered altar of Cheibriados.
   919 | D:2      | Found an iron altar of Okawaru.
   920 | D:2      | Found a glowing golden altar of the Shining One.
  1228 | D:2      | Found a blossoming altar of Fedhas.
  1230 | D:2      | Reached ** piety under Lugonu
  1389 | D:2      | Reached skill level 4 in Polearms
  2003 | D:3      | Reached XP level 4. HP: 39/39 MP: 5/5
  2362 | D:3      | Found a hazy altar of Hepliaklqana.
  2482 | D:3      | Reached XP level 5. HP: 39/45 MP: 6/6
  2828 | D:3      | Reached skill level 5 in Polearms
  3005 | D:4      | Got a clouded turquoise ring
  3006 | D:4      | Identified the ring "Tazis" {rElec rF+ rN+ Dex-4 Slay+3}
                  | (You found it on level 4 of the Dungeon)
  3094 | D:4      | Reached XP level 6. HP: 46/51 MP: 8/8
  3369 | D:4      | Reached *** piety under Lugonu
  3393 | D:4      | Reached skill level 6 in Polearms
  3396 | D:4      | Reached skill level 5 in Invocations
  3676 | D:4      | Found an ancient bone altar of Kikubaaqudgha.
  3690 | D:4      | Found a white marble altar of Elyvilon.
  3756 | D:4      | Found a radiant altar of Vehumet.
  3769 | D:4      | Got a translucent cloak
  3775 | D:4      | Identified the -3 cloak of Atheism {rF+} (You found it on
                  | level 4 of the Dungeon)
  3823 | D:5      | Entered Level 5 of the Dungeon
  3934 | D:5      | Found an opulent altar of Gozag.
  4061 | D:5      | Reached XP level 7. HP: 57/57 MP: 10/10
  4448 | D:5      | Reached skill level 7 in Polearms
  4665 | D:5      | Found Mossekidgh's Antique Armour Emporium.
  4668 | D:5      | Bought a slimy buckler for 190 gold pieces
  4678 | D:5      | Identified the +1 buckler of the Eternal Fruit {rPois
                  | rCorr} (You bought it in a shop on level 5 of the Dungeon)
  5008 | D:6      | Gained mutation: You are dopey. (Int -2) [potion of
                  | mutation]
  5008 | D:6      | Gained mutation: Scrolls take you a little longer to read.
                  | [potion of mutation]
  5008 | D:6      | Gained mutation: You are partially covered in large bone
                  | plates. (SH +4) [potion of mutation]
  5103 | D:6      | Found a staircase to the Ecumenical Temple.
  5315 | D:6      | Reached skill level 8 in Polearms
  5461 | D:6      | Reached XP level 8. HP: 49/64 MP: 8/12
  5581 | D:6      | Reached **** piety under Lugonu
  5672 | D:6      | Found a sacrificial altar of Ru.
  6015 | D:7      | Reached skill level 9 in Polearms
  6075 | D:7      | Reached skill level 10 in Polearms
  6333 | D:7      | Reached XP level 9. HP: 56/70 MP: 9/14
  6891 | D:8      | Reached skill level 11 in Polearms
  6982 | D:7      | Lost mutation: Scrolls take you a little longer to read.
                  | [potion of mutation]
  6982 | D:7      | Lost mutation: You are dopey. (Int -2) [potion of mutation]
  6982 | D:7      | Lost mutation: You are partially covered in large bone
                  | plates. (SH +4) [potion of mutation]
  6982 | D:7      | Gained mutation: You tend to lose your temper in combat.
                  | [potion of mutation]
  6982 | D:7      | Gained mutation: You are partially covered in large bone
                  | plates. (SH +4) [potion of mutation]
  6982 | D:7      | Gained mutation: Your mind is acute. (Int +2) [potion of
                  | mutation]
  6982 | D:7      | Gained mutation: Your muscles are strong. (Str +2) [potion
                  | of mutation]
  7013 | D:8      | Noticed Harold
  7033 | D:8      | Killed Harold
  7033 | D:8      | Reached skill level 12 in Polearms
  7148 | D:8      | Noticed Pikel
  7169 | D:8      | Killed Pikel
  7169 | D:8      | Reached XP level 10. HP: 32/80 MP: 16/16
  7608 | D:8      | Reached skill level 5 in Fighting
  7617 | D:8      | Found a snail-covered altar of Cheibriados.
  7818 | D:8      | Reached ***** piety under Lugonu
  7859 | D:8      | Noticed Maurice
  7872 | D:8      | Killed Maurice
  8216 | D:9      | Reached skill level 5 in Dodging
  8789 | D:10     | Entered Level 10 of the Dungeon
  8811 | D:10     | Found Huysk's Antique Armour Shop.
  8841 | D:10     | Found a staircase to the Lair.
  9069 | D:10     | Noticed Joseph
  9075 | D:10     | Banished Joseph
  9077 | D:10     | Reached XP level 11. HP: 37/95 MP: 12/17
  9327 | Lair:1   | Entered Level 1 of the Lair of Beasts
  9340 | Lair:1   | Reached skill level 1 in Shields
  9354 | D:10     | Reached skill level 1 in Evocations
  9360 | D:10     | Reached skill level 10 in Invocations
 10106 | D:10     | Noticed Josephine
 10122 | D:10     | Killed Josephine
 10685 | Lair:1   | Noticed Sonja
 10691 | Lair:1   | Noticed Nergalle
 10693 | Lair:1   | Killed Sonja
 10695 | Lair:1   | Noticed a seven-headed hydra
 10725 | Lair:1   | HP: 2/95 [seven-headed hydra (9)]
 10725 | Lair:1   | Slain by a seven-headed hydra

Illustrated notes

Levels and vault maps discovered:
D:1:      dpeg_arrival_arbitrary_a, layout_loops_cross, minmay_misc_feat_five
D:2:      layout_loops_ring, fedhas_altar_4, grunt_temple_overflow_open,
          chequers_ecumenical_altar_simple_redux, minmay_fountain_box
D:3:      layout_basic, old_standard_altar, first_ration,
          kennysheep_generic_room_8
D:4:      wander_river, layout_basic, kennysheep_mini_moat, kennysheep_mini,
          nicolae_overflow_crystal_walls
D:5:      minmay_general_purpose_star, layout_layer_cave, grunt_gozag_statues,
          serial_shops, shop, chequers_jeans
D:6:      layout_layer_cave, marbit_many_paths, minmay_temple_entry_crystal_x
D:7:      layout_basic, the_bakery, minmay_holes
D:8:      layout_basic, basic_altar, uniq_harold, uniq_pikel, uniq_maurice
D:9:      layout_roguey
D:10:     layout_rooms, due_lair_maze_entry_diamond, serial_shops,
          nicolae_shop_crystal, minivault_7, uniq_josephine, uniq_joseph
Lair:1:   layout_concentric_octagons, grunt_megastairs_3, serial_bayou_shore_b,
          uniq_sonja, uniq_nergalle

Skill      XL: |  1  2  3  4  5  6  7  8  9 10 11 |
---------------+----------------------------------+-----
Invocations    | 2 3 4 5 6 8 9 11 | 11.0
Polearms       | 3 4 5 6 8 10 12 | 12.4
Fighting       | 4 8 |  8.7
Dodging        | 2 7 |  7.3
Shields        | 4 |  4.2
Evocations     | 4 |  4.6
Armour         | |  2.4

Action                   |  1- 3 |  4- 6 |  7- 9 | 10-12 || total
-------------------------+-------+-------+-------+-------++-------
Melee: Spear             |    94 |   204 |   263 |   441 ||  1002
       Headbutt          |    17 |    27 |    35 |    58 ||   137
Invok: Banish            |       |       |       |     1 ||     1
       Bend Space        |       |       |       |     1 ||     1
Evoke: Wand              |       |       |       |     1 ||     1
  Use: Scroll            |     6 |     7 |     4 |     2 ||    19
       Potion            |     2 |     4 |     4 |       ||    10
  Eat: Chunk             |     3 |     6 |    11 |    12 ||    32
Armor: Ring mail         |    24 |    21 |       |       ||    45
       Scale mail        |       |    14 |       |       ||    14
       Chain mail        |       |    22 |    23 |       ||    45
       Leather armour    |       |       |    20 |    57 ||    77
Dodge: Dodged            |    26 |    43 |    48 |   129 ||   246
Block: Buckler           |     6 |    22 |    55 |   201 ||   284
       Reflection        |       |       |       |     8 ||     8
